 Dungeon Crawl Stone Soup version 0.29-a0-1043-g569b05d6ff (webtiles) character file.

Game seed: 2428815684230888813

1786 voltaire321 the Sneak (level 9, -5/59 HPs)
             Began as an Octopode Summoner on Aug 15, 2022.
             Was a Follower of Sif Muna.
             Slain by a steam dragon (10 damage)
             ... on level 6 of the Dungeon.
             The game lasted 00:25:54 (6237 turns).

voltaire321 the Sneak (Octopode Summoner)           Turns: 6237, Time: 00:25:54

Health: -5/59      AC:  5    Str:  7    XL:     9   Next: 8%
Magic:  6/15       EV: 15    Int: 25    God:    Sif Muna [*.....]
Gold:   343        SH:  0    Dex: 18    Spells: 10/17 levels left

rFire   . . .      SeeInvis .   k - +8 hand axe of Ybos {pain, rElec rC++ Int+3}
rCold   + + .      Faith    .   (no shield)
rNeg    . . .      Spirit   .   (helmet restricted)
rPois   .          Reflect  .   (no amulet)
rElec   +          Harm     .   c - +4 ring of protection
rCorr   .          Rampage  .   l - +6 ring of dexterity
Will    .....                   (no ring)
Stlth   +++++.....              (no ring)
HPRegen 0.19/turn               (no ring)
MPRegen 0.14/turn               (no ring)
                                (no ring)
                                (no ring)

@: no status effects
A: almost no armour, amphibious, 8 rings, camouflage 1, gelatinous body 1,
(nimble swimmer 1), tentacles
a: Renounce Religion, Channel Magic


You were on level 6 of the Dungeon.
You worshipped Sif Muna.
Sif Muna was aware of your devotion.
You visited 2 branches of the dungeon, and saw 7 of its levels.
You also visited: Sewer and Ossuary.

You collected 343 gold pieces.

Inventory:

Hand Weapons
 k - the +8 hand axe of Ybos (weapon) {pain, rElec rC++ Int+3}
   (You found it on level 2 of the Dungeon)

   In the hands of one skilled in necromantic magic, it inflicts extra damage on
   living creatures.
   Int:       It affects your intelligence (+3).
   rC:        It greatly protects you from cold.
   rElec:     It insulates you from electricity.
Jewellery
 b - a ring of fire
 c - a +4 ring of protection (left tentacle)
 l - a +6 ring of dexterity (right tentacle)
Wands
 q - a wand of iceblast (6)
Scrolls
 i - 8 scrolls of teleportation
 j - 3 scrolls of enchant weapon
 m - a scroll of noise {unknown}
 o - a scroll of amnesia {unknown}
 r - a scroll of enchant armour
 s - a scroll of fear
 t - a scroll of magic mapping {unknown}
 w - a scroll of identify
Potions
 a - a potion of magic
 d - 2 potions of brilliance
 e - 6 potions of flight
 f - 3 potions of mutation
 g - 2 potions of berserk rage {unknown}
 h - 4 potions of curing
 n - 2 potions of haste
 p - 4 potions of heal wounds
 u - a potion of cancellation {unknown}
 v - a potion of might {unknown}
 x - a potion of lignification {unknown}


   Skills:
 + Level 4.4 Fighting
 + Level 4.8 Dodging
 + Level 6.8 Stealth
 + Level 4.5 Spellcasting
 + Level 3.9 Conjurations
 + Level 6.0 Summonings
 + Level 2.9 Invocations


You had 10 spell levels left.
You knew the following spells:

 Your Spells              Type           Power      Damage    Failure   Level
a - Magic Dart            Conj           100%       1d8       1%          1
b - Call Imp              Summ           35%        N/A       1%          2
c - Call Canine Familiar  Summ           35%        N/A       2%          3
d - Summon Small Mammal   Summ           100%       N/A       1%          1

Your spell library contained the following spells:

 Spells                   Type           Power      Damage    Failure   Level
 Static Discharge         Conj/Air       15%        3-5/arc   6%          2
 Summon Guardian Golem    Hex/Summ       20%        N/A       8%          3
 Conjure Flame            Conj/Fire      15%        6-21      12%         3
 Sublimation of Blood     Necr           5%         N/A       13%         2
 Wereblood                Tmut           5%         N/A       13%         2
 Mephitic Cloud           Conj/Pois/Air  12%        N/A       16%         3
 Ignite Poison            Fire/Tmut/Pois 5%         N/A       26%         3
 Summon Lightning Spire   Summ/Air       20%        N/A       26%         4
 Sticky Flame             Conj/Fire      15%        2d4       36%         4
 Lightning Bolt           Conj/Air       7%         1d20      71%         5
 Summon Hydra             Summ           17%        N/A       99%         7
 Maxwell's Capacitive Co  Air            2%         ∞         100%        8


Dungeon Overview and Level Annotations

Branches:
Dungeon (6/15)             Temple (1/1) D:4           Sewer (visited)
Ossuary (visited)

Altars:
Ashenzari
Cheibriados
Dithmenos
Elyvilon
Fedhas
Gozag
Kikubaaqudgha
Makhleb
Nemelex Xobeh
Okawaru
Ru
Sif Muna
Trog
Uskayaw
Vehumet
The Shining One

Shops:
D:3 [


Innate Abilities, Weirdness & Mutations

You cannot wear most types of armour.
You are amphibious.
You can wear up to eight rings at the same time.
Your skin changes colour to match your surroundings (Stealth+).
Your rubbery body absorbs attacks. (AC +1, EV +1)
((You are camouflaged when in or above water. (Stealth+)))
You have tentacles for arms and can constrict up to eight enemies at once.


Message History

The steam dragon bites your crimson imp.
The steam dragon claws your crimson imp.
Your hound closely misses something.
You closely miss the steam dragon.
The steam dragon is severely wounded.
You barely miss something.
Your hound barely misses something.
Something hits you. Something shocks you. You resist.
Your crimson imp closely misses the steam dragon.
The steam dragon breathes steam at you. The ball of steam hits you!!
Your hound bites something but does no damage.
You hit the steam dragon.
The steam dragon is severely wounded.
You hit something.
You are engulfed in a cloud of scalding steam.
Something hits you but does no damage.
Your hound closely misses something.
The steam dragon bites you but does no damage.
The steam dragon claws you but does no damage.
Your crimson imp blinks!
Something hits you. Something shocks you. You resist.
Your hound closely misses something.
The steam dragon closely misses you. The steam dragon claws you.
* * * LOW HITPOINT WARNING * * *
Your crimson imp blinks!
Your hound barely misses something.
Something hits you.
* * * LOW HITPOINT WARNING * * *
Something shocks you. You resist.
* * * LOW HITPOINT WARNING * * *
The steam dragon bites you!
* * * LOW HITPOINT WARNING * * *
The steam dragon closely misses you.
You hit the steam dragon.
The steam dragon is severely wounded.
You closely miss something. Your hound misses something.
Your hound closely misses something.
Something hits you.
* * * LOW HITPOINT WARNING * * *
Something shocks you. You resist.
* * * LOW HITPOINT WARNING * * *
The steam dragon bites you!
You die...

... .. ##. .......
#.. ###
.......#..#....
.........#..
#..##D.... #.......#
#.......# .
##.....#### .
....#......D@.##....
#.....<#..§§.h.....
##.....#...........
#......#.........?.
#....#.5..........).
##..............§...
#..#..............#
####.#............#
####............


You could see a steam dragon (catching breath, ally target), a friendly hound
(summoned) and a friendly crimson imp (summoned).

Vanquished Creatures
  Grinder (D:4)
  An ice beast (D:5)
  A necrophage (D:5)
  3 elf zombies (Ossuary)
  A scorpion (D:5)
  A howler monkey (D:5)
  A centaur zombie (Ossuary)
  3 jellies
  3 hounds
  A gnoll bouda (D:5)
  An iguana (D:4)
  An orc wizard (D:5)
  2 mummies (Ossuary)
  2 hound zombies (Ossuary)
  A gnoll (D:5)
  7 adders
  4 river rats
  4 ufetubi
  3 adder zombies (Ossuary)
  2 worms
  5 dart slugs
  9 orcs
  9 endoplasms
  8 giant cockroaches
  A gnoll zombie (Ossuary)
  6 goblins
  5 hobgoblins
  7 jackals
  4 quokkas
  8 ball pythons
  6 bats
  9 frilled lizards
  4 goblin zombies (Ossuary)
  5 hobgoblin zombies (Ossuary)
  6 jackal zombies (Ossuary)
  6 kobolds
  A kobold zombie (Ossuary)
  An orc zombie (Ossuary)
  A quokka zombie (Ossuary)
  23 rats
167 creatures vanquished.

Vanquished Creatures (collateral kills)
  Prince Ribbit (D:5)
  Menkaure (D:5)
  A scorpion (D:4)
  A merfolk siren (Sewer)
  A merfolk avatar (Sewer)
  2 hound zombies (Ossuary)
  A mummy (Ossuary)
  2 adders
  A bat (D:1)
  2 endoplasms
  2 giant cockroaches
  2 goblins
  3 hobgoblins (D:1)
  2 jackals (D:5)
  2 quokkas (Sewer)
  4 ball pythons
  2 frilled lizards (Sewer)
  A hobgoblin zombie (Ossuary)
  A jackal zombie (Ossuary)
  A kobold zombie (Ossuary)
  An orc zombie (Ossuary)
  A quokka zombie (Ossuary)
  5 rats
  A rat zombie (Ossuary)
41 creatures vanquished.

Vanquished Creatures (others)
  A plant (D:6)
1 creature vanquished.

Grand Total: 209 creatures vanquished

Notes
Turn   | Place    | Note
-------+----------+-------------------------------------------
     0 | D:1      | voltaire321 the Octopode Summoner began the quest for the
                  | Orb.
     0 | D:1      | Reached XP level 1. HP: 11/11 MP: 3/3
    63 | D:1      | Reached XP level 2. HP: 12/18 MP: 3/5
   479 | D:1      | Reached XP level 3. HP: 3/22 MP: 6/6
   488 | D:1      | Reached skill level 1 in Fighting
   829 | D:1      | Found a faded altar of an unknown god.
   876 | D:1      | Learned a level 2 spell: Call Imp
   880 | D:1      | Learned a level 3 spell: Call Canine Familiar
  1744 | D:2      | Reached XP level 4. HP: 28/28 MP: 7/7
  1756 | D:2      | Learned a level 1 spell: Magic Dart
  1887 | D:2      | Identified the +8 hand axe of Ybos {pain, rElec rC++ Int+3}
  1894 | D:2      | You fall into a shaft and drop 1 floor!
  1897 | D:3      | Found Lomuh's Armour Shoppe.
  2147 | D:3      | Found a sparkling altar of Nemelex Xobeh.
  2214 | D:3      | Found a glowing drain.
  2247 | D:3      | Reached XP level 5. HP: 24/34 MP: 5/8
  2253 | Sewer    | Entered a sewer
  2350 | Sewer    | Reached skill level 1 in Conjurations
  2590 | Sewer    | Noticed a malarious merfolk avatar
  2603 | Sewer    | Killed a malarious merfolk avatar
  2604 | Sewer    | Reached XP level 6. HP: 33/39 MP: 6/10
  3768 | D:4      | Found a sand-covered staircase.
  3773 | Ossuary  | Entered an ossuary
  3815 | Ossuary  | Reached XP level 7. HP: 20/45 MP: 11/11
  4067 | Ossuary  | Reached skill level 5 in Summonings
  4072 | Ossuary  | Reached skill level 5 in Stealth
  4310 | D:4      | Found a staircase to the Ecumenical Temple.
  4346 | Temple   | Entered the Ecumenical Temple
  4449 | Temple   | Became a worshipper of Sif Muna the Loreminder
  5095 | D:4      | Noticed Grinder
  5106 | D:4      | Killed Grinder
  5107 | D:4      | Reached skill level 1 in Invocations
  5107 | D:4      | Reached XP level 8. HP: 54/54 MP: 8/13
  5377 | D:5      | Entered Level 5 of the Dungeon
  5616 | D:5      | Reached * piety under Sif Muna
  5729 | D:5      | Noticed Menkaure
  5736 | D:5      | Killed Menkaure
  5876 | D:5      | Noticed Prince Ribbit
  5886 | D:5      | Killed Prince Ribbit
  5887 | D:5      | Reached XP level 9. HP: 59/59 MP: 10/15
  6237 | D:6      | Slain by a steam dragon

Illustrated notes

Levels and vault maps discovered:
D:1:      minmay_arrival_shattered_statue, layout_basic,
          hellmonk_ecumenical_altar_zigzags, minmay_misc_feat_enclosed,
          minmay_three_crescents
D:2:      layout_basic, chequers_serial_rivers_small_3
D:3:      layout_basic, lemuel_doored_altar, serial_shops, nicolae_square_shop,
          portal_sewer_entry_c, minmay_bisected
D:4:      layout_basic, temple_pool_b, enter_ossuary_5,
          kennysheep_generic_room_8, uniq_grinder
D:5:      layout_rooms, minmay_checkerbox, uniq_menkaure, uniq_prince_ribbit1
D:6:      layout_cave_pools, serial_bayou_lake_a
Temple:   eino_wide_crystal_templ

Skill      XL: |  1  2  3  4  5  6  7  8 |
---------------+-------------------------+-----
Stealth        | 3 4 5 6 |  6.8
Fighting       | 1 2 3 4 |  4.4
Conjurations   | 1 2 3 |  3.9
Dodging        | 3 4 |  4.8
Spellcasting   | 3 4 |  4.5
Summonings     | 5 6 |  6.0
Invocations    | 1 2 |  2.9

Action                   |  1- 3 |  4- 6 |  7- 9 || total
-------------------------+-------+-------+-------++-------
Melee: Unarmed           |    10 |       |       ||    10
       Constrict         |    18 |    28 |    30 ||    76
       Tentacles         |    12 |    18 |    25 ||    55
       Dagger            |    67 |     7 |       ||    74
       Hand axe          |       |   125 |   115 ||   240
       Punch             |       |     2 |     1 ||     3
 Cast: Summon Small Mamm |     3 |       |       ||     3
       Call Imp          |     1 |     8 |     5 ||    14
       Magic Dart        |       |    18 |     8 ||    26
       Call Canine Famil |       |     3 |    10 ||    13
  Use: Scroll            |       |     9 |     2 ||    11
 Stab: Sleeping          |    10 |    19 |    10 ||    39
       Distracted        |       |     1 |       ||     1
Armor: Skin              |    14 |    35 |    26 ||    75
Dodge: Dodged            |    55 |    84 |    88 ||   227

Table legend: (Time is in decaauts)
 A = Elapsed time spent in this place.
 B = Non-inter-level travel time spent in this place.
 C = Inter-level travel time spent in this place.
 D = Time resting spent in this place.
 E = Time spent auto-exploring this place.
 F = Levels seen in this place.
 G = Mean time per level.
                   A        B        C        D        E       F      G
               +--------+--------+--------+--------+--------+-----+--------+
         Total |   6304 |   5983 |    321 |   1014 |   3062 |   9 |  700.4 |
       Dungeon |   5108 |   4841 |    267 |    801 |   2596 |   6 |  851.3 |
        Temple |    110 |     56 |     54 |      0 |     40 |   1 |  110.0 |
         Sewer |    576 |    576 |      0 |     32 |    288 |   1 |  576.0 |
       Ossuary |    508 |    508 |      0 |    181 |    138 |   1 |  508.0 |
               +--------+--------+--------+--------+--------+-----+--------+

Top non-repeatable levels by time:
     D:1: 1479 daAuts
     D:4: 1162 daAuts
     D:2: 927 daAuts
     D:5: 851 daAuts
     D:3: 666 daAuts
   Sewer: 576 daAuts
 Ossuary: 508 daAuts
  Temple: 110 daAuts
     D:6: 21 daAuts
